 Dungeon Crawl Stone Soup version 0.20.1-1-g8b1a95d (webtiles) character file.

104 Tr0llz0r the Skirmisher (level 4, -2/38 HPs)
             Began as a Centaur Fighter on Aug 24, 2017.
             Slain by a hobgoblin
             ... wielding a +0 club
              (3 damage)
             ... on level 3 of the Dungeon.
             The game lasted 00:09:40 (2503 turns).

Tr0llz0r the Skirmisher (Centaur Fighter)           Turns: 2503, Time: 00:09:41

Health: -2/38      AC:  6    Str: 20    XL:     4   Next: 52%
Magic:  4/4        EV: 10    Int: 12    God:
Gold:   105        SH:  9    Dex: 13    Spells: 3/3 levels left

rFire    . . .     SeeInvis .   a - +0 long sword
rCold    . . .     Gourm    .   c - +0 shield
rNeg     . . .     Faith    .   b - +0 scale mail
rPois    .         Spirit   .   (no helmet)
rElec    .         Reflect  .   (no cloak)
rCorr    .         Harm     .   (no gloves)
MR       .....                  (no barding)
Stlth    +.........             (no amulet)
Regen    0.2/turn               (no ring)
MPRegen  0.1/turn               (no ring)

@: brilliant, agile, lethally poisoned (-2 -> -10), flying, very quick
A: hooves 3, deformed body, speed 2, tough skin 3
a: no special abilities


You were on level 3 of the Dungeon.
You were near starving.

You visited 1 branch of the dungeon, and saw 3 of its levels.

You collected 105 gold pieces.

Inventory:

Hand Weapons
 a - a +0 long sword (weapon)
 g - a +0 hunting sling
 j - a +0 whip
 q - a +2 war axe of freezing
Missiles
 e - 107 stones (quivered)
 k - 31 bolts
 u - 18 sling bullets
Armour
 b - a +0 scale mail (worn)
 c - a +0 shield (worn)
 p - a cursed -1 pair of gloves
Scrolls
 h - a scroll of remove curse
 l - a scroll of identify
Potions
 d - 3 potions of might
 i - a potion of degeneration
 r - a potion of curing {unknown}
 s - 2 potions of mutation {unknown}
 t - a potion of haste {unknown}
Comestibles
 f - 2 bread rations


   Skills:
 + Level 3.4 Fighting
 + Level 2.4 Long Blades
 + Level 3.0 Armour
 + Level 0.5 Dodging
 + Level 2.5 Shields


You had 3 spell levels left.
You didn't know any spells.

Dungeon Overview and Level Annotations

Branches:
Dungeon (3/15)

Altars:


Innate Abilities, Weirdness & Mutations

You have hooves in place of feet.
Armour fits poorly on your strangely shaped body.
You cover ground very quickly.
You have extremely tough skin. (AC +3)


Message History

The adder bites you.
* * * LOW HITPOINT WARNING * * *
You are lethally poisoned!
The adder poisons you! The ooze hits you but does no damage.
It was a potion of brilliance.
You feel clever all of a sudden.
* * * LOW HITPOINT WARNING * * *
You feel sick. You block the hobgoblin's attack. The hobgoblin misses you.
The adder bites you but does no damage. The ooze hits you.
* * * LOW HITPOINT WARNING * * *
It was a potion of flight.
You feel very buoyant.
You fly up into the air.
* * * LOW HITPOINT WARNING * * *
You feel sick. The adder completely misses you.
The hobgoblin completely misses you.
You riposte.
You barely miss the hobgoblin. You kick the hobgoblin.
You kill the hobgoblin!
The hobgoblin hits you with a club.
You die...

...... ....... .......
#.#l..### #.......#
##.......# .....#JSg###
.......@)..##### ####
(...####.......######...
. #................
##...#.##........
#...............
##.#............
#.##.†....#....
..##......##...
#####......#####


You could see an ooze, an adder, a leopard gecko and a hobgoblin.

Vanquished Creatures
  Jessica (D:2)
  3 adders (D:2)
  A worm (D:3)
  A dart slug (D:1)
  A leopard gecko (D:1)
  3 giant cockroaches (D:1)
  8 goblins
  6 hobgoblins
  A ball python (D:2)
  4 bats (D:1)
  A frilled lizard (D:3)
  9 kobolds
  6 rats (D:1)
45 creatures vanquished.

Notes
Turn   | Place    | Note
-------+----------+-------------------------------------------
     0 | D:1      | Tr0llz0r the Centaur Fighter began the quest for the Orb.
     0 | D:1      | Reached XP level 1. HP: 19/19 MP: 1/1
     0 | D:1      | Noticed a vampire
     1 | D:1      | Noticed a centaur
    12 | D:1      | Noticed a minotaur skeleton
    13 | D:1      | Noticed a spriggan
    14 | D:1      | Noticed a formicid
    18 | D:1      | Noticed a vine stalker
    29 | D:1      | Noticed a gargoyle
    33 | D:1      | Noticed a merfolk zombie
   302 | D:1      | Reached XP level 2. HP: 17/26 MP: 2/2
   776 | D:1      | Reached XP level 3. HP: 6/31 MP: 3/3
  2033 | D:2      | Noticed Jessica
  2039 | D:2      | Killed Jessica
  2039 | D:2      | Reached XP level 4. HP: 26/38 MP: 4/4
  2503 | D:3      | HP: 1/38 [poisoned by an adder]
  2503 | D:3      | Slain by a hobgoblin

Skill      XL: |  1  2  3  4 |
---------------+-------------+-----
Long Blades    | 2 |  2.4
Armour         | 3 |  3.0
Fighting       | |  3.4
Dodging        | |  0.5
Shields        | |  2.5

Action                   |  1- 3 |  4- 6 || total
-------------------------+-------+-------++-------
Melee: Long sword        |   107 |    34 ||   141
       Kick              |    12 |     8 ||    20
  Use: Scroll            |     3 |       ||     3
       Potion            |       |     3 ||     3
  Eat: Chunk             |     2 |       ||     2
Armor: Scale mail        |   109 |    23 ||   132
Dodge: Dodged            |    34 |     5 ||    39
Block: Shield            |    72 |    20 ||    92
       Rpst.: Long sword |     9 |     1 ||    10
